AoeStats
← Typhz

Arena

509277770Analyzed
3v3 RM · 6d ago on Sep 26, 2026· 56m 50s· 6 players
Game mode
Random Map
Map size
Normal (6 player)
Population
200
Speed
Normal
Resources
Standard
Victory
Conquest
Starting age
Dark Age
Ending age
Imperial Age
RankedLock teamsTeams togetherTeam positionsShared explorationLock speedFull tech treeHidden civsTurbo modeCheats
Victory
Defeat
🇭🇰 Persians · Hong Kong SAR China
894
+10
🇨🇳 Lithuanians · China
862
+12
🇨🇳 Franks · China
855
+12
🇧🇷 Italians · Brazil
807
-13
🇧🇷 Bohemians · Brazil
762
-11
🇧🇷 Slavs · Brazil
721
-10
Typhz
10:04 Feudal Age
15:57 Castle Age
13:44 Double-Bit Axe
13:45 Horse Collar
16:20 Stone Mining
16:50 Heavy Plow
17:02 Bow Saw
23:31 Wheelbarrow
22:54 Gold Mining
32:40 Imperial Age
33:39 Ballistics
33:41 Hand Cart
33:21 Stone Mining
34:55 Chemistry
34:23 Town Watch
35:41 Stone Shaft Mining
36:17 Elite Genoese Crossbowman
37:19 Conscription
39:17 Cavalier
41:43 Two-Man Saw
41:25 Crop Rotation
41:32 Elite Skirmisher
45:48 Pikeman
46:30 Squires
46:16 Arson
47:09 Fletching
47:19 Padded Archer Armor
47:20 Scale Mail Armor
47:31 Forging
[taberna] carlos3g
10:50 Feudal Age
11:46 Double-Bit Axe
11:43 Horse Collar
19:35 Castle Age
21:02 Bow Saw
20:59 Heavy Plow
23:29 Town Watch
25:01 Wheelbarrow
30:54 Imperial Age
29:59 Forging
29:49 Scale Mail Armor
30:39 Hand Cart
31:46 Chemistry
30:37 Pikeman
31:17 Squires
32:16 Iron Casting
31:27 Halberdier
33:09 Chain Mail Armor
34:55 Two-Man Saw
35:49 Conscription
TheuzzLivee
12:23 Feudal Age
17:03 Castle Age
28:03 Imperial Age
28:04 Forging
28:01 Scale Barding Armor
33:01 Light Cavalry
33:58 Bloodlines
40:15 Hussar
41:37 Iron Casting
41:23 Chain Barding Armor
46:19 Plate Barding Armor
46:02 Pikeman
46:44 Squires
50:30 Halberdier
Ming
0:27 Loom
9:43 Feudal Age
18:10 Castle Age
17:09 Double-Bit Axe
17:06 Horse Collar
25:08 Gold Mining
26:02 Stone Mining
30:07 Imperial Age
28:09 Forging
29:10 Wheelbarrow
32:02 Stone Shaft Mining
32:23 Husbandry
32:34 Bloodlines
33:31 Bow Saw
33:45 Tower Shields
34:06 Conscription
33:13 Elite Skirmisher
35:09 Elite Leitis
36:22 Hand Cart
37:58 Fletching
38:44 Iron Casting
38:14 Scale Barding Armor
39:10 Heavy Plow
40:13 Two-Man Saw
41:25 Hoardings
42:12 Chain Barding Armor
41:48 Bodkin Arrow
44:19 Plate Barding Armor
43:45 Bracer
46:34 Padded Archer Armor
50:25 Leather Archer Armor
55:58 Ring Archer Armor
54:53 Spies/Treason
彬彬有礼
0:30 Loom
13:01 Feudal Age
17:34 Castle Age
15:22 Double-Bit Axe
18:47 Wheelbarrow
18:26 Bow Saw
19:40 Husbandry
31:50 Hand Cart
34:07 Imperial Age
32:23 Squires
32:12 Gambesons
32:16 Arson
32:17 Pikeman
34:01 Gold Mining
34:02 Stone Mining
33:40 Ordonnance Companies
35:36 Gold Shaft Mining
36:05 Chemistry
35:25 Ballistics
35:20 Forging
35:15 Scale Barding Armor
35:14 Cavalier
36:58 Treadmill Crane
38:06 Iron Casting
37:51 Chain Barding Armor
37:36 Halberdier
40:38 Blast Furnace
39:41 Scale Mail Armor
39:34 Elite Skirmisher
47:12 Plate Barding Armor
46:54 Chain Mail Armor
51:42 Chivalry
51:04 Elite Throwing Axeman
52:08 Conscription
54:09 Plate Mail Armor
53:41 Padded Archer Armor
53:32 Fletching
53:54 Masonry
55:47 Leather Archer Armor
55:28 Bodkin Arrow
旺旺
10:29 Feudal Age
11:23 Double-Bit Axe
18:23 Castle Age
16:28 Stone Mining
18:43 Horse Collar
19:18 Bow Saw
22:53 Gold Mining
28:06 Imperial Age
27:16 Wheelbarrow
27:12 Heavy Plow
27:28 Arson
27:44 Squires
27:05 Pikeman
28:54 Crop Rotation
29:29 Two-Man Saw
31:42 Scale Mail Armor
31:53 Forging
31:49 Scale Barding Armor
34:08 Hand Cart
35:16 Halberdier
38:15 Chain Barding Armor
38:11 Chain Mail Armor
38:33 Iron Casting
38:18 Husbandry
41:41 Cavalier
42:34 Bloodlines
43:03 Savar
46:33 Plate Barding Armor
46:59 Blast Furnace
46:29 Plate Mail Armor
50:27 Gold Shaft Mining
53:57 Spies/Treason
Connection lost

Rejoining the realm…

Still unreachable

The connection could not be restored.

Session expired

The server has moved on; the page needs a fresh start.